 Dungeon Crawl Stone Soup version 0.27.0-1-g7a089689b8 (webtiles) character file.

Game seed: 17158457641420088515

5 Strat the Shield-Bearer (level 1, 0/11 HPs)
             Began as a Vine Stalker Fighter on Aug 11, 2021.
             Slain by a gnoll (4 damage)
             ... on level 1 of the Dungeon.
             The game lasted 00:01:10 (163 turns).

Strat the Shield-Bearer (Vine Stalker Fighter)       Turns: 163, Time: 00:01:11

Health: 0/11       AC:  6    Str: 18    XL:     1   Next: 80%
Magic:  0/2        EV:  7    Int:  8    God:
Gold:   13         SH:  9    Dex: 13    Spells: 0/0 levels left

rFire    . . .     SeeInvis .     - Unarmed
rCold    . . .     Faith    .   b - +0 kite shield
rNeg     . . .     Spirit   +   a - +0 scale mail
rPois    .         Reflect  .   (no helmet)
rElec    .         Harm     .   (no cloak)
rCorr    .         Rampage  .   (no gloves)
Will     .....                  (no boots)
Stlth    ..........             (no amulet)
HPRegen  0.03/turn              (no ring)
MPRegen  0.08/turn              (no ring)

@: no status effects
A: fangs 2, magic shield, antimagic bite, no potion heal 2
a: no special abilities


You were on level 1 of the Dungeon.
You visited 1 branch of the dungeon, and saw 1 of its levels.

You collected 13 gold pieces.

Inventory:

Missiles
 d - 17 stones (quivered)
Armour
 a - a +0 scale mail (worn)
 b - a +0 kite shield (worn)
Potions
 c - a potion of might


   Skills:
 + Level 2.7 Fighting
 + Level 2.4 Armour
 + Level 2.7 Shields
 * Level 2.2 Unarmed Combat


You couldn't memorise any spells.
You didn't know any spells.
Your spell library was empty.

Dungeon Overview and Level Annotations

Branches:
Dungeon (1/15)

Altars:


Innate Abilities, Weirdness & Mutations

You have extremely sharp teeth.
When hurt, damage is shared between your health and your magic reserves.
Your bite disrupts and absorbs the magic of your enemies.
Potions cannot restore your health.


Message History

The kobold barely misses you.
You see here a ball python corpse.
You closely miss the kobold. Your bite misses the kobold.
You block the kobold's attack. The kobold hits you but does no damage.
You hit the kobold.
You kill the kobold!
You block the gnoll's attack. The gnoll barely misses you.
You see here a +0 dagger.
The gnoll hits you but does no damage.
You see here a ball python corpse.
You block the gnoll's attack.
You see here a bat corpse.
You block the gnoll's attack.
You hit the gnoll but do no damage. You block the gnoll's attack.
You hit the gnoll. Your bite misses the gnoll.
The gnoll is lightly wounded.
The gnoll barely misses you.
You hit the gnoll. You bite the gnoll, but do no damage.
The gnoll is moderately wounded.
You block the gnoll's attack.
You closely miss the gnoll. Your bite misses the gnoll.
The gnoll is moderately wounded.
You block the gnoll's attack.
You hit the gnoll. Your bite misses the gnoll.
The gnoll is severely wounded.
The gnoll hits you with a +0 spear.
* * * LOW HITPOINT WARNING * * *
You hit the gnoll but do no damage. You bite the gnoll, but do no damage.
The gnoll is severely wounded.
The gnoll hits you with a +0 spear.
* * * LOW HITPOINT WARNING * * *
The gnoll closely misses you.
You hit the gnoll. Your bite misses the gnoll.
The gnoll is severely wounded.
You block the gnoll's attack.
You hit the gnoll.
The gnoll is severely wounded.
The gnoll hits you with a +0 spear.
You die...

###########...#
.........##...# ..
#........##...# .##
####........##...# ..###
...#........##...# #....
...#........''...# .... #
...#........##...# ..#..#.
...#........##.######.......
...#........##.†@gS).#
..†.........########.#
....#####'### #.# ....#
#...# ... ...## ###.# ....
............# ......
+############ .......
####.....


You could see a gnoll and a ball python.

Vanquished Creatures
  A bat (D:1)
  An endoplasm (D:1)
  A kobold (D:1)
  A ball python (D:1)
  A frilled lizard (D:1)
5 creatures vanquished.

Notes
Turn   | Place    | Note
-------+----------+-------------------------------------------
     0 | D:1      | Strat the Vine Stalker Fighter began the quest for the Orb.
     0 | D:1      | Reached XP level 1. HP: 11/11 MP: 2/2
   163 | D:1      | Slain by a gnoll

Illustrated notes

Levels and vault maps discovered:
D:1:      co_arrival_random_square_maze, layout_basic, grunt_decor_fettered,
          minmay_bisected

Action                   || total
-------------------------++-------
Melee: Unarmed           ||    26
       Bite              ||     8
Armor: Scale mail        ||    12
Dodge: Dodged            ||     9
Block: Kite shield       ||    19
